 Dungeon Crawl Stone Soup version 0.31-a0-267-g3fc6992b3b (webtiles) character file.

Game seed: 17261521595282695769

0 British0li the Sneak (level 1, 0/18 HPs)
             Began as a Demonspawn Delver on July 14, 2023.
             Succumbed to an adder's poison
             ... on level 5 of the Dungeon.
             The game lasted 00:00:05 (22 turns).

British0li the Sneak (Demonspawn Delver)              Turns: 22, Time: 00:00:06

Health: 0/18       AC:  3    Str: 12    XL:     1   Next: 0%
Magic:  1/1        EV: 11    Int: 11    God:
Gold:   0          SH:  0    Dex: 14    Spells: 0/0 levels left

rFire   . . .        a - +0 falchion
rCold   . . .        (no shield)
rNeg    . . .        b - +0 leather armour
rPois   .            (no helmet)
rElec   .            (no cloak)
rCorr   .            (no gloves)
SInv    .            (no boots)
Will    .....        (no amulet)
Stlth   +            (no ring)
HPRegen 0.23/turn    (no ring)
MPRegen 0.07/turn

%: no passive effects
@: lethally poisoned (0 -> -3), very slow
A: no striking features
a: no special abilities


You were on level 5 of the Dungeon.
You visited 1 branch of the dungeon, and saw 1 of its levels.

Inventory:

Hand Weapons
 a - a +0 falchion (weapon)
Armour
 b - a +0 leather armour (worn)
Wands
 g - a wand of digging (3)
Scrolls
 c - a scroll of fog
 d - a scroll of revelation
 e - a scroll of fear
Potions
 f - a potion of haste


   Skills:
 + Level 3.0 Fighting
 + Level 1.7 Long Blades
 + Level 1.7 Dodging
 + Level 4.5 Stealth


You couldn't memorise any spells.
You didn't know any spells.
Your spell library was empty.

Dungeon Overview and Level Annotations

Branches:
Dungeon (5/15)
 Temple: D:4-7

Altars:


Message History

There are monsters nearby!
Your unstable footing causes you to fumble your attack.
The adder bites you.
You are poisoned.
The adder poisons you! The adder bites you.
There are monsters nearby!
There are monsters nearby!
You completely miss the adder.
You feel sick.
A nearby plant withers and dies.
The adder bites you.
There are monsters nearby!
You completely miss the adder.
You feel sick.
The jackal barks!
The adder bites you but does no damage.
The jackal splashes around in the water.
The adder misses you.
There are monsters nearby!
Your unstable footing causes you to fumble your attack.
You feel sick. The adder bites you but does no damage.
The jackal closely misses you. The adder bites you.
There are monsters nearby!
You are too injured to fight recklessly!
There are monsters nearby!
You are too injured to fight recklessly!
Your unstable footing causes you to fumble your attack.
You feel sick.
You are no longer poisoned.
The jackal bites the plant.
The plant begins to die.
The jackal misses you. The adder bites you.
* * * LOW HITPOINT WARNING * * *
The jackal barely misses you.
You slash the adder!
The adder is severely wounded.
The adder bites you.
* * * LOW HITPOINT WARNING * * *
You are lethally poisoned!
The adder poisons you! The jackal barely misses you.
The jackal completely misses you. The adder barely misses you.
You hit the adder.
You kill the adder!
You die...

..... ..... ### ....###
... .....####.###.
##########+....h..$....
.........#...P♣h?.!....
.#######.#..P.h@≈P.PPP.
#......>#.PP..~~≈~~.P.
#.##..#.#..PP.~≈≈~~.P.
#.......#....~~≈≈≈~~..
#######.#.P~≈≈~≈≈≈≈≈~.
#........~≈≈~~~~~≈~.
#.###.#..P~~~~≈~~~..
#.#....(~~≈≈~P.P
#.#..P.P(~~~...


You could see 3 jackals.

Vanquished Creatures
  An adder (D:5)
1 creature vanquished.

Notes
Turn   | Place    | Note
-------+----------+-------------------------------------------
     0 | D:5      | British0li the Demonspawn Delver began the quest for the
                  | Orb.
     0 | D:5      | Reached XP level 1. HP: 18/18 MP: 1/1
    22 | D:5      | Succumbed to an adder's poison

Illustrated notes

Levels and vault maps discovered:
D:5:      layout_basic, roderic_serpentine_path, guppyfry_early_lair_pool

Action                     || total
---------------------------++-------
  Melee: Falchion          ||     7
 Armour: Leather armour    ||     2
  Dodge: Dodged            ||     8

Table legend: (Time is in decaauts)
 A = Elapsed time spent in this place.
 B = Non-inter-level travel time spent in this place.
 C = Inter-level travel time spent in this place.
 D = Time resting spent in this place.
 E = Time spent auto-exploring this place.
 F = Levels seen in this place.
 G = Mean time per level.
                   A        B        C        D        E       F      G
               +--------+--------+--------+--------+--------+-----+--------+
         Total |     23 |     23 |      0 |      0 |      6 |   1 |   23.0 |
       Dungeon |     23 |     23 |      0 |      0 |      6 |   1 |   23.0 |
               +--------+--------+--------+--------+--------+-----+--------+

Top non-repeatable levels by time:
     D:5: 23 daAuts
